 Dungeon Crawl Stone Soup version 0.21-a0-529-g8c7b3f5 (webtiles) character file.

43 slep the Chopper (level 3, 0/18 HPs)
             Began as a Vine Stalker Gladiator on Dec 10, 2017.
             Slain by a gnoll
             ... wielding a +0 spear
              (3 damage)
             ... on level 2 of the Dungeon.
             The game lasted 00:03:14 (967 turns).

slep the Chopper (Vine Stalker Gladiator)            Turns: 967, Time: 00:03:14

Health: 0/18       AC:  5    Str: 17    XL:     3   Next: 58%
Magic:  0/4        EV: 13    Int:  8    God:
Gold:   60         SH:  0    Dex: 15    Spells: 2/2 levels left

rFire    . . .     SeeInvis .   a - +0 war axe
rCold    . . .     Gourm    .   (no shield)
rNeg     . . .     Faith    .   b - +0 leather armour
rPois    +         Spirit   +   c - +0 helmet
rElec    .         Reflect  .   (no cloak)
rCorr    .         Harm     .   (no gloves)
MR       .....                  j - +0 pair of boots
Stlth    +.........             (no amulet)
HPRegen  0.06/turn              h - ring of flight
MPRegen  0.09/turn              k - ring of poison resistance

@: no status effects
A: fangs 2, magic shield, antimagic bite, no potion heal 3, rot immunity
a: Evoke Flight


You were on level 2 of the Dungeon.
You were not hungry.

You visited 1 branch of the dungeon, and saw 2 of its levels.

You collected 60 gold pieces.

Inventory:

Hand Weapons
 a - a +0 war axe (weapon)
Missiles
 d - 3 throwing nets (quivered)
Armour
 b - a +0 leather armour (worn)
 c - a +0 helmet (worn)
 j - a +0 pair of boots (worn)
Jewellery
 h - a ring of flight (left hand)
 k - a ring of poison resistance (right hand)
Scrolls
 e - 4 scrolls of identify {unknown}
 i - 2 scrolls of immolation {unknown}
 l - a scroll of magic mapping {unknown}
 m - 2 scrolls of amnesia {unknown}
Potions
 g - a potion of ambrosia {unknown}
Comestibles
 f - a bread ration


   Skills:
 + Level 1.8 Fighting
 + Level 3.5 Axes
 + Level 1.9 Throwing
 + Level 0.4 Armour
 + Level 2.7 Dodging
 + Level 0.5 Stealth


You had 2 spell levels left.
You didn't know any spells.

Dungeon Overview and Level Annotations

Branches:
Dungeon (2/15)

Altars:
Fedhas


Innate Abilities, Weirdness & Mutations

You have extremely sharp teeth.
When hurt, damage is shared between your health and your magic reserves.
Your bite disrupts and absorbs the magic of your enemies.
Potions cannot restore your health.
You are immune to rotting.


Message History

You hit the gnoll. You bite the gnoll. You drain its power.
The gnoll is severely wounded.
The gnoll hits you but does no damage. The gnoll hits you.
You barely miss the gnoll. Your bite misses the gnoll.
The gnoll is severely wounded.
The gnoll misses you. The gnoll closely misses you.
The gnoll hits you from afar with a spear!
* * * LOW HITPOINT WARNING * * *
You hit the gnoll.
You kill the gnoll!
The gnoll hits you from afar with a spear.
* * * LOW HITPOINT WARNING * * *
There is an open door here.
The gnoll hits you with a spear.
* * * LOW HITPOINT WARNING * * *
You barely miss the gnoll. Your bite misses the gnoll.
The gnoll closely misses you.
You hit the gnoll but do no damage. Your bite misses the gnoll.
The gnoll hits you with a spear.
You die...

##.#######.# #.#.#
#.)......#.####...#
#รทรท......'...######
#........#.#.#
#........#.#.#
#####........#.#.###
....'.............>#
#####........#.#g..#
#........#g#@#.######
##############.#.#.##...#
...............#.#.##.#.###
###########......#....#...#
..........#.#############.#
.####.....#.#.............#
.# #.#####.#.#############
.# #.#####.#.#
.####.......#.#


You could see a gnoll.

Vanquished Creatures
  2 gnolls (D:2)
  A dart slug (D:1)
  A giant cockroach (D:1)
  6 hobgoblins
  A quokka (D:2)
  A ball python (D:1)
  3 bats
  4 frilled lizards
  A kobold (D:2)
  4 rats
24 creatures vanquished.

Vanquished Creatures (others)
  3 fungi (D:2)
3 creatures vanquished.

Grand Total: 27 creatures vanquished

Notes
Turn   | Place    | Note
-------+----------+-------------------------------------------
     0 | D:1      | slep the Vine Stalker Gladiator began the quest for the Orb.
     0 | D:1      | Reached XP level 1. HP: 11/11 MP: 2/2
   226 | D:1      | Reached skill level 3 in Axes
   226 | D:1      | Reached XP level 2. HP: 15/15 MP: 3/3
   831 | D:2      | Reached XP level 3. HP: 18/18 MP: 4/4
   890 | D:2      | Found a blossoming altar of Fedhas.
   967 | D:2      | Slain by a gnoll

Vault maps used:
D:1:      elethiomel_arrival_shortcut
D:2:      chequers_ecumenical_altar_lobes, fedhas_altar_3

Skill      XL: |  1 |
---------------+----+-----
Axes           | 3 |  3.5
Fighting       | |  1.8
Throwing       | |  1.9
Armour         | |  0.4
Dodging        | |  2.7
Stealth        | |  0.5

Action                   || total
-------------------------++-------
Melee: War axe           ||    61
       Bite              ||    15
 Stab: Sleeping          ||     3
Armor: Leather armour    ||    17
Dodge: Dodged            ||    46

Table legend:
 A = Spawn XP
 B = Non-spawn XP
 C = Spawn XP percentage of total XP
 D = Spawn monster count
 E = Non-spawn monster count
 F = Spawn count percentage of total count
 G = Total turns spent on level
                    A         B        C        D         E        F      G
               +---------+---------+-------+---------+---------+-------+---------
         Total |       0 |      62 |   0.0 |       0 |      24 |   0.0 |   967
               +---------+---------+-------+---------+---------+-------+---------
           D:1 |       0 |      24 |   0.0 |       0 |      14 |   0.0 |   616
           D:2 |       0 |      38 |   0.0 |       0 |      10 |   0.0 |   351
               +---------+---------+-------+---------+---------+-------+---------
